 Dungeon Crawl Stone Soup version 0.30-a0-269-gf0224bf7b6 (webtiles) character file.

Game seed: 7078571149597456413

23025 Flugkiller the Cleaver (level 13, -11/92 HPs)
             Began as an Octopode Delver on Oct 14, 2022.
             Was an Initiate of Gozag.
             Mangled by a komodo dragon (14 damage)
             ... on level 1 of the Lair of Beasts.
             The game lasted 00:22:38 (15764 turns).

Flugkiller the Cleaver (Octopode Delver)           Turns: 15764, Time: 00:22:38

Health: -11/92     AC:  3    Str: 16 (17) XL:     13   Next: 4%
Magic:  22/22      EV: 18    Int: 13      God:    Gozag
Gold:   1362       SH: 12    Dex: 18      Spells: 12/12 levels left

rFire   + + .      SeeInvis +    T - +14 obsidian axe {vorpal, Mesm Drain Fly SInv}
rCold   + . .      Faith    .    U - +2 kite shield {rF+}
rNeg    . . .      Spirit   .    a - +2 hat
rPois   .          Reflect  .    I - amulet of the acrobat
rElec   .          Harm     .    g - ring of resist corrosion
rCorr   +          Rampage  .    y - +6 ring of strength
Will    .....                    c - ring of protection from cold
Stlth   +++++.....               p - ring of protection from fire
HPRegen 0.35/turn                J - ring of magical power
MPRegen 0.18/turn                (no ring)
                                 (no ring)
                                 (no ring)

@: flying, mesmerised
A: almost no armour, amphibious, 8 rings, camouflage 1, gelatinous body 1,
(nimble swimmer 1), tentacles, deterioration 1, mutation resistance 1
a: Renounce Religion, Potion Petition, Call Merchant, Bribe Branch


You were on level 1 of the Lair of Beasts.
You worshipped Gozag.
Gozag was most pleased with you.
You visited 2 branches of the dungeon, and saw 12 of its levels.
You also visited: Sewer and Bailey.

You collected 3104 gold pieces.
You spent 339 gold pieces at shops.
You paid 1403 gold pieces to Gozag.

Inventory:

Hand Weapons
 e - a +3 dagger of speed
   (You took it off a goblin on level 2 of the Dungeon)
 T - the +14 obsidian axe (weapon) {vorpal, Mesm Drain Fly SInv}
   (You acquired it on level 9 of the Dungeon)

   It inflicts extra damage upon your enemies.
   It occasionally summons demons to assist the wielder when it strikes in
   combat.
   Its wielder is mesmerised by any visible foes.
   It cannot be unequipped while any foes are visible.
   SInv:      It lets you see invisible.
   Fly:       It grants you flight.
   Drain:     It drains your maximum health when unequipped.
 Y - a +3 long sword of electrocution
   (You took it off an orc warrior on level 11 of the Dungeon)
Missiles
 l - 51 poisoned darts (quivered)
 K - 2 curare-tipped darts
 N - 5 javelins
Armour
 a - a +2 hat (worn)
   (You found it on level 9 of the Dungeon)
 U - a +2 kite shield of fire resistance (worn)
   (You found it in a bailey)
Jewellery
 c - a ring of protection from cold (on tentacle)
   (You found it on level 11 of the Dungeon)
 g - a ring of resist corrosion (left tentacle)
   (You found it on level 5 of the Dungeon)
 p - a ring of protection from fire (on tentacle)
   (You found it on level 9 of the Dungeon)
 v - a ring of flight
   (You found it on level 2 of the Dungeon)
 y - a +6 ring of strength (right tentacle)
   (You found it on level 2 of the Dungeon)
 I - an amulet of the acrobat (around mantle)
   (You found it on level 8 of the Dungeon)
 J - a ring of magical power (on tentacle)
   (You found it on level 5 of the Dungeon)
Wands
 f - a wand of digging (3)
 F - a wand of polymorph (10)
   (You took it off Ijyb on level 4 of the Dungeon)
 H - a wand of quicksilver (12)
   (You found it on level 5 of the Dungeon)
 P - a wand of flame (18)
   (You found it on level 7 of the Dungeon)
 V - a wand of paralysis (7)
   (You found it on level 3 of the Dungeon)
Scrolls
 b - 2 scrolls of fog
 d - 4 scrolls of fear
 i - 4 scrolls of summoning
 j - 3 scrolls of brand weapon
 k - 2 scrolls of vulnerability
 t - 5 scrolls of teleportation
 z - 5 scrolls of blinking
 A - a scroll of immolation
 B - a scroll of noise {unknown}
 C - a scroll of enchant armour
 D - 4 scrolls of enchant weapon
 L - a scroll of poison
 M - 3 scrolls of amnesia
 Q - 3 scrolls of magic mapping
Potions
 h - 4 potions of haste
 m - a potion of lignification
 n - 2 potions of invisibility
 o - a potion of berserk rage
 q - 3 potions of curing
 s - a potion of cancellation
 u - 5 potions of brilliance
 w - 10 potions of heal wounds
 x - a potion of mutation
 E - 4 potions of attraction
 G - 2 potions of flight {unknown}
 O - 3 potions of magic
 W - a potion of might {unknown}
 X - a potion of ambrosia {unknown}
Miscellaneous
 R - a tin of tremorstones (2/2)
   (You found it on level 11 of the Dungeon)


   Skills:
 - Level 10.0 Fighting
 - Level 4.0(4.8) Short Blades
 - Level 4.1(4.9) Long Blades
 - Level 12.0 Axes
 - Level 11.0 Dodging
 - Level 6.6 Stealth
 + Level 6.0 Shields
 - Level 8.0 Evocations


You had 12 spell levels left.
You didn't know any spells.
Your spell library contained the following spells:

 Spells                   Type           Power      Damage    Failure   Level
 Apportation              Tloc           0%         N/A       63%         1
 Kindle Blastsparks       Fire/Tloc/Air  0%         2d10      94%         3
 Ozocubu's Armour         Ice            0%         N/A       94%         3
 Portal Projectile        Hex/Tloc       0%         N/A       94%         3
 Tukima's Dance           Hex            0%         N/A       94%         3
 Anguish                  Hex/Necr       0%         N/A       100%        4
 Fulminant Prism          Conj/Hex       0%         3d6       100%        4
 Iskenderun's Mystic Bla  Conj/Tloc      0%         2d3       100%        4
 Alistair's Intoxication  Tmut/Pois      0%         N/A       100%        5
 Blade Hands              Tmut           0%         N/A       100%        5
 Lee's Rapid Deconstruct  Erth           0%         3d5*      100%        5
 Enfeeble                 Hex            0%         N/A       100%        7
 Ozocubu's Refrigeration  Ice            0%         4d7       100%        7


Dungeon Overview and Level Annotations

Branches:
Dungeon (11/15) Zot: 24456  Temple (0/1) D:6            Lair (1/5) D:10 Zot: 5421
    Orc (0/2) D:11          Sewer (visited)          Bailey (visited)

Altars:
Cheibriados
Dithmenos
Gozag
Kikubaaqudgha
Makhleb
Qazlal
Ru
Trog
Wu Jian
Zin

Shops:
D:2 [   D:8 *   Lair:1 [=

Portals:
Trove: D:10 (give 4 potions of resistance)

Annotations:
D:8 Joseph
D:9 1 runed translucent door, WhatIsLove's ghost, journeyman TeCj


Innate Abilities, Weirdness & Mutations

You cannot wear most types of armour.
You are amphibious.
You can wear up to eight rings at the same time.
Your skin changes colour to match your surroundings (Stealth+).
Your rubbery body absorbs attacks. (AC +1, EV +1)
((You are camouflaged when in or above water. (Stealth+)))
You have tentacles for arms and can constrict up to eight enemies at once.
Your body sometimes deteriorates upon taking damage.
You are somewhat resistant to further mutation.


Message History

You squeeze the water moccasin.
The water moccasin is severely wounded.
The water moccasin misses you. You block the water moccasin's attack.
You closely miss the water moccasin. You grab the water moccasin.
The water moccasin is severely wounded.
You constrict the water moccasin. The water moccasin bites you.
You are poisoned.
The water moccasin poisons you!
You hit the water moccasin.
You break out of your daze!
You kill the water moccasin!
Visions of slaying the black mamba flood into your mind.
You feel very sick.
You have reached level 13!
You feel sick.
You see here 4 gold pieces.
You feel sick.
The black mamba hisses angrily.
You slice the black mamba!! You grab the black mamba.
You squeeze the black mamba!
You are no longer entranced.
You kill the black mamba!
You feel sick.
No target in view!
No target in view!
You feel sick.
You now have 1312 gold pieces (gained 5).
You feel sick.
You feel sick.
You feel sick.
You now have 1316 gold pieces (gained 4).
You feel sick.
You are no longer poisoned.
You start resting.
HP restored.
You now have 1333 gold pieces (gained 17).
h - 4 potions of haste (gained 1)
t - 4 scrolls of teleportation (gained 1)
You pick up a book of Maledictions and begin reading...
You add the spells Anguish and Enfeeble to your library.
A cane toad comes into view.
Found a viscous yellow potion.
Visions of slaying the cane toad flood into your mind.
A cane toad is nearby!
The helpless cane toad fails to defend itself.
You hit the cane toad but do no damage. You grab the cane toad.
You squeeze the cane toad.
The cane toad is lightly wounded.
You constrict the cane toad. You block the cane toad's attack. x2
You slash the cane toad!
The cane toad is heavily wounded.
You constrict the cane toad, but do no damage.
The cane toad misses you.
You hit the cane toad. You squeeze the cane toad.
The cane toad is severely wounded.
You constrict the cane toad. The cane toad stings you!
You hit the cane toad.
The cane toad is almost dead.
You constrict the cane toad.
You break out of your daze!
You kill the cane toad!
You feel your dexterity returning.
Training target 12.0 for Axes reached!
Your Axes skill increases to level 12!
Your Shields skill increases to level 6!
You now have 1339 gold pieces (gained 6).
G - 2 viscous yellow potions (gained 1)
t - 5 scrolls of teleportation (gained 1)
You now have 1362 gold pieces (gained 23).
Found a stone.
z - 5 scrolls of blinking (gained 1)
E - 4 potions of attraction (gained 1)
F - a wand of polymorph (10) (gained 5 charges)
Found a leather armour.
A komodo dragon comes into view.
Visions of slaying the komodo dragon flood into your mind.
A komodo dragon is nearby!
A komodo dragon is nearby!
Found a potion of brilliance.
Found 12 gold pieces.
The komodo dragon hisses angrily.
You hit the komodo dragon but do no damage.
Your tentacle-slap misses the komodo dragon.
Your squeeze misses the komodo dragon. The komodo dragon bites you!! x2
Your body deteriorates!
You feel weakened.
You are too injured to fight recklessly!
You are too injured to fight recklessly!
You slash the komodo dragon!
Your tentacle-slap misses the komodo dragon.
The komodo dragon is moderately wounded.
The komodo dragon bites you!
You slice the komodo dragon!!
The komodo dragon is almost dead.
The komodo dragon bites you!!
* * * LOW HITPOINT WARNING * * *
You barely miss the komodo dragon.
The komodo dragon is almost dead.
The komodo dragon bites you!
You die...
Your body crumbles into a pile of gold.

.........#..# #..#.
.....∩∩...#... ......#..
......<....#........$...
............#..P........
....>......#..##.......!
...........##.#.........
..........##..#.........
..........##.##.l.......
..........##.#P.@.......
.........###.#..........
#.............
#..#..........
#..#..........
##.............
#..#..........#
#.#........#.##
#.##...#######


You could see a komodo dragon (mesmerising).

Vanquished Creatures
  An orc warlord (Bailey)
  2 two-headed ogres (D:10)
  3 boulder beetles (D:11)
  A death yak (D:10)
  A manticore (D:11)
  2 ugly things (D:11)
  A cyclops (D:11)
  A black mamba (Lair:1)
  A guardian serpent (D:11)
  A gargoyle (D:11)
  A cane toad (Lair:1)
  A kobold demonologist (D:11)
  A rime drake (Lair:1)
  An unseen horror (D:11)
  2 komodo dragons
  3 trolls
  Prince Ribbit (D:8)
  A slime creature (D:5)
  2 shadows
  3 wyverns
  2 wraiths
  A vampire (D:9)
  13 yaks
  Eustachio (D:5)
  2 vampire mosquitoes (D:11)
  Menkaure (D:4)
  3 water moccasins
  8 orc warriors
  A sky beast (D:10)
  An ice beast (D:7)
  3 black bears
  A centaur (D:7)
  A phantom (D:7)
  10 kobold brigands
  2 bullfrogs
  3 scorpions
  2 gnoll sergeants
  2 necrophages
  11 wights
  13 killer bees
  3 howler monkeys
  4 hounds
  7 jellies
  5 orc priests
  3 iguanas
  A gnoll bouda (D:9)
  Ijyb (D:4)
  9 orc wizards
  14 gnolls
  10 adders
  4 river rats
  3 ufetubi
  A worm (D:3)
  2 dart slugs
  25 orcs
  4 ball pythons
  4 bats
  9 endoplasms
  3 giant cockroaches
  12 goblins
  9 hobgoblins
  4 quokkas
  3 frilled lizards
  30 kobolds
  4 rats
285 creatures vanquished.

Vanquished Creatures (collateral kills)
  A hydra (D:11)
  A boulder beetle (D:11)
  A two-headed ogre (D:11)
  3 death yaks (D:10)
  A skeletal warrior (D:11)
  A wolf spider (D:11)
  2 yaks (D:10)
  A wraith (D:11)
  A killer bee (D:11)
12 creatures vanquished.

Vanquished Creatures (others)
  An orc wizard (D:9)
  10 demonic plants (D:8)
  8 fungi
  3 plants (Sewer)
  9 toadstools (D:5)
31 creatures vanquished.

Grand Total: 328 creatures vanquished

Notes
Turn   | Place    | Note
-------+----------+-------------------------------------------
     0 | D:5      | Flugkiller the Octopode Delver began the quest for the Orb.
     0 | D:5      | Reached XP level 1. HP: 16/16 MP: 1/1
    49 | D:5      | Noticed a scorpion
    49 | D:5      | Noticed a hound
    49 | D:5      | Noticed an iguana
    50 | D:5      | Noticed a scorpion
   102 | D:5      | Noticed an orc wizard
   317 | D:5      | Noticed Eustachio
   328 | D:5      | Noticed a water moccasin
   335 | D:5      | Killed a water moccasin
   336 | D:5      | Reached XP level 2. HP: 6/21 MP: 2/2
   336 | D:5      | Reached XP level 3. HP: 7/26 MP: 3/3
   336 | D:5      | Reached XP level 4. HP: 9/31 MP: 4/4
   342 | D:5      | HP: 1/31 [poisoned by a water moccasin]
   474 | D:5      | Found a glowing silver altar of Zin.
   552 | D:4      | Noticed Ijyb
   613 | D:3      | Reached skill level 5 in Dodging
   635 | D:3      | Found a glowing drain.
   641 | D:3      | Reached XP level 5. HP: 36/36 MP: 5/5
   676 | Sewer    | Entered a sewer
   721 | Sewer    | Reached skill level 1 in Evocations
   801 | Sewer    | Noticed a kobold brigand
   816 | Sewer    | Killed a kobold brigand
   817 | Sewer    | Reached XP level 6. HP: 37/43 MP: 6/6
  1241 | D:3      | Found an opulent altar of Gozag.
  1244 | D:3      | Found a burning altar of Makhleb.
  1247 | D:3      | Found an ornate altar of the Wu Jian Council.
  1250 | D:3      | Found a sacrificial altar of Ru.
  1294 | D:3      | Became a worshipper of Gozag Ym Sagoz the Greedy
  2355 | D:2      | Found Cec Lett's Antique Armour Shop.
  2631 | D:1      | Found a faded altar of an unknown god.
  3302 | D:4      | Noticed Menkaure
  3307 | D:4      | Killed Menkaure
  3308 | D:4      | Reached XP level 7. HP: 48/48 MP: 7/7
  3461 | D:4      | Killed Ijyb
  3605 | D:5      | Reached skill level 5 in Evocations
  3676 | D:5      | Reached XP level 8. HP: 46/54 MP: 8/8
  3738 | D:5      | Killed Eustachio
  4049 | D:5      | Reached skill level 5 in Fighting
  4172 | D:5      | Noticed a slime creature
  4333 | D:5      | Killed a slime creature
  4334 | D:5      | Reached XP level 9. HP: 63/63 MP: 9/9
  4640 | D:6      | Found a staircase to the Ecumenical Temple.
  5028 | D:6      | Found a snail-covered altar of Cheibriados.
  5379 | D:7      | Identified the +0 leather armour of Liseshef {+Blink rN+
                  | Slay-3}
  5482 | D:7      | Found a shadowy altar of Dithmenos.
  6073 | D:7      | Found an ancient bone altar of Kikubaaqudgha.
  6602 | D:8      | Reached skill level 1 in Long Blades
  6610 | D:8      | Reached XP level 10. HP: 23/71 MP: 10/10
  6812 | D:8      | Noticed Joseph
  6844 | D:8      | Noticed Prince Ribbit
  6848 | D:8      | Killed Prince Ribbit
  7088 | D:8      | Found Junugeck's CLEARANCE SALE!.
  7530 | D:8      | Bought a scroll of identify for 10 gold pieces
  7531 | D:8      | Bought the +8 whip "Muomevust" {pain, rElec rN++ rCorr
                  | Str-5} for 329 gold pieces
  7577 | D:8      | Reached skill level 10 in Dodging
  8563 | D:9      | Found a flagged portal.
  8651 | Bailey   | Entered a bailey
  8661 | Bailey   | Noticed an orc warlord
  9372 | Bailey   | Found a runed translucent gate.
  9373 | Bailey   | Found a runed translucent gate.
  9374 | Bailey   | Found a runed translucent gate.
  9565 | Bailey   | Killed an orc warlord
  9604 | Bailey   | Identified the +7 shortbow of Gethruc {flame, Dex+2}
  9623 | D:9      | Acquired the +14 obsidian axe {vorpal, Mesm Drain Fly SInv}
  9623 | D:9      | Found the +14 obsidian axe {vorpal, Mesm Drain Fly SInv}
  9684 | D:9      | Reached skill level 1 in Axes
  9693 | D:9      | Reached XP level 11. HP: 35/78 MP: 11/11
  9696 | D:9      | Reached skill level 2 in Axes
 10148 | D:9      | Reached skill level 3 in Axes
 10445 | D:9      | Reached skill level 4 in Axes
 10610 | D:9      | Found a stormy altar of Qazlal.
 10611 | D:9      | Found a bloodstained altar of Trog.
 10622 | D:9      | Found a runed translucent door.
 10622 | D:9      | Noticed WhatIsLove's ghost (journeyman TeCj)
 10988 | D:10     | Entered Level 10 of the Dungeon
 11019 | D:10     | Reached skill level 5 in Axes
 11076 | D:10     | Found a portal to a secret trove of treasure.
 11348 | D:10     | Noticed a death yak
 11378 | D:10     | Noticed a two-headed ogre
 11408 | D:10     | Killed a two-headed ogre
 11409 | D:10     | Reached skill level 6 in Axes
 11554 | D:10     | Noticed a two-headed ogre
 11782 | D:10     | Noticed a death yak
 12820 | D:11     | Found a staircase to the Orcish Mines.
 12829 | D:11     | Reached skill level 7 in Axes
 13025 | D:11     | Noticed a manticore
 13035 | D:11     | Killed a manticore
 13040 | D:11     | Reached skill level 8 in Axes
 13202 | D:11     | Noticed a red ugly thing
 13207 | D:11     | Killed a red ugly thing
 13461 | D:11     | Noticed a wolf spider
 13487 | D:11     | Noticed a six-headed hydra
 13490 | D:11     | Noticed a cyclops
 13631 | D:11     | Reached skill level 1 in Shields
 13741 | D:11     | Killed a cyclops
 13745 | D:11     | Noticed a skeletal warrior
 13750 | D:11     | Killed a skeletal warrior
 13751 | D:11     | Reached skill level 9 in Axes
 13751 | D:11     | Reached XP level 12. HP: 85/85 MP: 12/12
 13763 | D:11     | Killed a six-headed hydra
 13985 | D:11     | Noticed a boulder beetle
 14003 | D:11     | Killed a boulder beetle
 14114 | D:11     | Noticed a two-headed ogre
 14114 | D:11     | Noticed a boulder beetle
 14126 | D:11     | Killed a two-headed ogre
 14127 | D:11     | Reached skill level 10 in Axes
 14129 | D:11     | Killed a boulder beetle
 14266 | D:11     | Noticed a boulder beetle
 14281 | D:11     | Killed a boulder beetle
 14724 | D:11     | Noticed a boulder beetle
 14735 | D:11     | Killed a boulder beetle
 14946 | D:10     | Killed a two-headed ogre
 14947 | D:10     | Reached skill level 10 in Fighting
 15007 | D:10     | Gained mutation: Your body sometimes deteriorates upon
                  | taking damage. [potion of mutation]
 15007 | D:10     | Gained mutation: You are somewhat resistant to further
                  | mutation. [potion of mutation]
 15011 | D:10     | Found a staircase to the Lair.
 15015 | D:10     | Noticed a death yak
 15016 | D:10     | Noticed a death yak
 15026 | D:10     | Killed a death yak
 15027 | D:10     | Reached skill level 11 in Axes
 15031 | D:10     | Killed a death yak
 15031 | D:10     | Killed a death yak
 15032 | D:10     | Reached skill level 5 in Shields
 15035 | D:10     | Killed a death yak
 15073 | D:10     | Identified the +1 helmet of the Black Moon {Rampage +Inv
                  | rCorr Int-4}
 15191 | Lair:1   | Entered Level 1 of the Lair of Beasts
 15557 | Lair:1   | Reached XP level 13. HP: 85/92 MP: 13/13
 15663 | Lair:1   | Reached skill level 12 in Axes
 15763 | Lair:1   | HP: 3/92 [komodo dragon (32)]
 15764 | Lair:1   | Mangled by a komodo dragon

Illustrated notes

Levels and vault maps discovered:
D:1:      erik_arrival_blinker_ship, layout_rooms,
          shapermc_ecumenical_altar_venn
D:2:      minmay_chambers_of_ones, layout_loops_ring, serial_shops,
          nicolae_shop_statue_plus
D:3:      layout_loops_ring, grunt_temple_overflow_cloverleaf,
          cheibrodos_sewer_entry_sluice, small_statue_intersection
D:4:      layout_cave_pools, kennysheep_generic_room_4, uniq_menkaure, uniq_ijyb
D:5:      cheibrodos_fertilizer, layout_basic, minmay_ruined_shrine,
          uniq_eustachio
D:6:      layout_loops_corners, mainiacjoe_overflow_surrounded_room,
          minmay_temple_entry_purple_smoke, chequers_serial_rivers_marsh
D:7:      layout_loops_ring, kennysheep_mini, mainiacjoe_overflow_cross_hatched,
          kennysheep_small_circle
D:8:      layout_loops_ring, dreamdust_princess_corridor, corner_web_ring,
          nicolae_shop_clearance, uniq_joseph, uniq_prince_ribbit1
D:9:      layout_roguey, mainiacjoe_overflow_divided_tiny,
          gammafunk_ghost_grave, enter_bailey_3
D:10:     layout_basic, dpeg_lair_monsters, nicolae_trove_entry_crossroad
D:11:     hangedman_cross_cluster, layout_basic, orc_0_dummy,
          nrook_guardian_serpent_double
Lair:1:   layout_cave_pods, basic_altar

Skill      XL: |  1  2  3  4  5  6  7  8  9 10 11 12 13 |
---------------+----------------------------------------+-----
Dodging        | 4 5 6 7 9 11 | 11.0
Evocations     | 2 4 5 6 8 |  8.0
Fighting       | 4 6 7 8 9 10 | 10.0
Short Blades   | 4 |  4.0
Long Blades    | 1 4 |  4.1
Axes           | 1 9 11 12 | 12.0
Shields        | 2 5 6 |  6.0
Stealth        | |  6.6

Action                   |  1- 3 |  4- 6 |  7- 9 | 10-12 | 13-15 || total
-------------------------+-------+-------+-------+-------+-------++-------
Melee: Short sword       |    10 |    85 |       |       |       ||    95
       Tentacles         |     5 |    18 |   104 |   172 |     3 ||   302
       Constrict         |     3 |    18 |    48 |    73 |     2 ||   144
       Dagger            |       |    28 |   310 |   335 |       ||   673
       Punch             |       |     2 |     3 |     7 |       ||    12
       Whip              |       |       |       |    73 |       ||    73
       Broad axe         |       |       |       |   129 |     9 ||   138
 Fire: Shortbow          |       |       |       |     1 |       ||     1
Throw: Dart              |       |       |       |    29 |       ||    29
Invok: Call Merchant     |       |       |       |     2 |       ||     2
Evoke: Wand              |       |       |     4 |    17 |       ||    21
  Use: Potion            |       |     2 |       |     8 |       ||    10
       Scroll            |       |     2 |     8 |    13 |       ||    23
 Stab: Sleeping          |     1 |    37 |    14 |    16 |     1 ||    69
       Paralysed         |       |       |     2 |     7 |       ||     9
       Distracted        |       |       |     2 |     7 |       ||     9
Armor: Skin              |       |     5 |     8 |    16 |       ||    29
Dodge: Dodged            |     5 |    43 |   142 |   306 |     1 ||   497
Block: Kite shield       |       |       |       |    39 |     2 ||    41

Table legend: (Time is in decaauts)
 A = Elapsed time spent in this place.
 B = Non-inter-level travel time spent in this place.
 C = Inter-level travel time spent in this place.
 D = Time resting spent in this place.
 E = Time spent auto-exploring this place.
 F = Levels seen in this place.
 G = Mean time per level.
                   A        B        C        D        E       F      G
               +--------+--------+--------+--------+--------+-----+--------+
         Total |  15533 |  14960 |    573 |   4274 |   7210 |  14 | 1109.5 |
       Dungeon |  13559 |  12986 |    573 |   3685 |   6415 |  11 | 1232.6 |
          Lair |    577 |    577 |      0 |    190 |    298 |   1 |  577.0 |
         Sewer |    465 |    465 |      0 |     32 |    307 |   1 |  465.0 |
        Bailey |    930 |    930 |      0 |    366 |    190 |   1 |  930.0 |
               +--------+--------+--------+--------+--------+-----+--------+

Top non-repeatable levels by time:
    D:11: 2249 daAuts
     D:9: 1839 daAuts
    D:10: 1814 daAuts
     D:8: 1521 daAuts
     D:7: 1335 daAuts
     D:5: 1314 daAuts
  Bailey: 930 daAuts
     D:6: 883 daAuts
     D:2: 811 daAuts
     D:3: 740 daAuts
     D:4: 593 daAuts
  Lair:1: 577 daAuts
   Sewer: 465 daAuts
     D:1: 456 daAuts
